 Dungeon Crawl Stone Soup version 0.32-a0-473-gd044c6f0f0 (webtiles) character file.

Game seed: 56839030272365217

5661 Malificent the Missionary (level 10, -1/73 HPs)
             Began as a Demonspawn Wanderer on Feb 25, 2024.
             Was a Priest of Beogh.
             Shot with an arrow by a centaur warrior (21 damage)
             ... on level 9 of the Dungeon.
             The game lasted 00:36:44 (6893 turns).

Malificent the Missionary (Demonspawn Wanderer)     Turns: 6893, Time: 00:36:45

Health: -1/73      AC: 11    Str: 13    XL:     10   Next: 47%
Magic:  8/18       EV: 12    Int: 14    God:    Beogh [***...]
Gold:   385        SH:  0    Dex: 15    Spells: 15/19 levels left

rFire   . . .        t - +9 staff of Olgreb {rPois∞}
rCold   + . .        (no shield)
rNeg    . . .        r - +0 steam dragon scales
rPois   ∞            q - +0 helmet
rElec   .            (no cloak)
rCorr   .            J - +1 pair of gloves
SInv    .            (no boots)
Will    .....        (no amulet)
Stlth   ++           I - ring of protection from cold
HPRegen 0.32/turn    (no ring)
MPRegen 0.16/turn

%: no passive effects
@: about to teleport, spiked
A: thin metallic scales 1, demonic guardian 2, demonic magic 2, weakness stinger
1
a: Renounce Religion, Evoke the Staff of Olgreb, Smiting, Recall Apostles,
Dismiss Ugrim, priest, Dismiss Bogrim, wizard


You were on level 9 of the Dungeon.
You worshipped Beogh.
Beogh was most pleased with you.
You visited 1 branch of the dungeon, and saw 9 of its levels.

You collected 385 gold pieces.

Inventory:

Hand Weapons
 a - a +0 club
 d - a +0 falchion
 l - a +5 whip of venom
 t - the +9 staff of Olgreb (weapon) {rPois∞}
   (You acquired it on level 8 of the Dungeon)

   Radiate:   It can be activated via the 'a'bility menu to radiate toxic
   energy, with effectiveness depending on Evocations skill.
   Alch:      It enhances your alchemy magic.
   rPois∞: It grants immunity to poison.
 u - the +7 Throatcutter {drain, coup de grace}
   (You took it off Terence on level 3 of the Dungeon)
Missiles
 n - 2 darts of dispersal
 s - 26 poisoned darts
 y - 3 atropa-tipped darts
Armour
 m - the +10 chain mail "Koqiqoh" {-Tele rPois Str+4}
   (You found it on level 2 of the Dungeon)

   Str+4:     It affects your strength (+4).
   rPois:     It protects you from poison -Tele: It prevents most forms of
   teleportation.
 q - a +0 helmet (worn)
 r - +0 steam dragon scales (worn)
 A - a +0 pair of boots
 J - a +1 pair of gloves (worn)
Jewellery
 H - an amulet of faith
 I - a ring of protection from cold (left hand)
Talismans
 o - a serpent talisman
Wands
 c - a wand of roots (6)
 k - a wand of charming (11)
 B - a wand of acid (5)
 D - a wand of polymorph (6)
Scrolls
 b - a scroll of silence
 e - 4 scrolls of teleportation
 g - 2 scrolls of fear
 h - 2 scrolls of revelation
 v - a scroll of immolation
 C - a scroll of fog
 F - a scroll of blinking {unknown}
 K - a scroll of noise {unknown}
Potions
 f - 2 potions of berserk rage
 i - a potion of might {unknown}
 j - 2 potions of enlightenment {unknown}
 p - 2 potions of cancellation {unknown}
 w - a potion of degeneration {unknown}
 x - a potion of heal wounds {unknown}
 z - a potion of magic {unknown}
 E - 4 potions of curing
 G - a potion of mutation {unknown}


   Skills:
 + Level 4.4 Fighting
 - Level 5.6 Long Blades
 - Level 2.0(2.3) Maces & Flails
 * Level 1.5(2.1) Staves
 + Level 5.4 Armour
 * Level 2.6 Dodging
 + Level 3.3 Stealth
 * Level 5.4 Spellcasting
 * Level 5.5 Conjurations
 * Level 5.7 Alchemy
 * Level 6.4 Invocations
 * Level 2.9 Evocations


You had 15 spell levels left.
You knew the following spells:

 Your Spells              Type           Power      Damage    Failure   Level
a - Sting                 Conj/Alch      100%       1d9       1%          1
b - Mephitic Cloud        Conj/Alch/Air  21%        N/A       11%         3

Your spell library contained the following spells:

 Spells                   Type           Power      Damage    Failure   Level
 Magic Dart               Conj           76%        1d6       1%          1
 Foxfire                  Conj/Fire      44%        2x1d6     5%          1
 Shock                    Conj/Air       44%        1d5       5%          1
 Stone Arrow              Conj/Erth      22%        3d8       16%         3
 Sandblast                Erth           6%         2d5       17%         1
 Blink                    Tloc           6%         N/A       26%         2
 Call Imp                 Summ           6%         N/A       26%         2
 Ensorcelled Hibernation  Hex/Ice        6%         N/A       26%         2
 Irradiate                Conj/Alch      14%        3d16      41%         5
 Fugue of the Fallen      Necr           3%         N/A       45%         3
 Inner Flame              Hex/Fire       3%         N/A       45%         3
 Ozocubu's Armour         Ice            3%         N/A       45%         3
 Passwall                 Erth           3%         N/A       45%         3
 Brom's Barrelling Bould  Conj/Erth      11%        2d3       47%         4
 Anguish                  Hex/Necr       1%         N/A       86%         4
 Animate Dead             Necr           3%         N/A       86%         4
 Manifold Assault         Tloc           3%         N/A       86%         4
 Haunt                    Necr/Summ      1%         N/A       100%        7
 Ignition                 Fire           1%         3d3       100%        8
 Infestation              Necr           1%         N/A       100%        8


Dungeon Overview and Level Annotations

Branches:
Dungeon (9/15)             Temple (0/1) D:7
   Lair: D:8-11         Orc: D:9-12

Altars:
Fedhas
Kikubaaqudgha
Qazlal
Yredelemnul
Beogh

Annotations:
D:8 3 runed translucent doors


Innate Abilities, Weirdness & Mutations

Your facial features look somewhat orcish.
You are partially covered in thin metallic scales. (AC +2)
A demonic guardian rushes to your aid.
Spells you cast may paralyse nearby enemies.
You have a small tail.


Message History

The manticore flicks its tail.
The volley of spikes skewers you!!
The barbed spikes become lodged in your body.
You hear a shout!
Aiming: Smiting
Press: ? - help, Q - select action, (/) - cycle Dir - move target, f/p - manticore Smite: a manticore (heavily wounded, covered in acid, ally target)
You smite the manticore!
The manticore is severely wounded.
The centaur warrior shoots an arrow.
The arrow hits you but does no damage.
The two-headed ogre barely misses your acid dragon. x2
As you read the scroll of teleportation, it crumbles to dust.
You feel strangely unstable.
The centaur warrior shoots an arrow.
The arrow hits you!
Bogrim mumbles some strange words.
Bogrim conjures some foxfire!
The manticore flicks its tail.
The volley of spikes skewers you!
The barbed spikes become lodged in your body.
* * * LOW HITPOINT WARNING * * *
A demonic guardian appears!
A steam dragon comes into view.
As you read the scroll of fear, it crumbles to dust.
You assume a fearsome visage.
The steam dragon looks frightened!
The eight-headed hydra resists with some effort.
The manticore looks frightened!
The two-headed ogre looks frightened!
A centaur comes into view.
Bogrim gestures wildly while chanting.
Bogrim conjures some foxfire!
The centaur warrior shoots an arrow.
The arrow barely misses your orange demon.
The arrow hits you but does no damage.
The eight-headed hydra bites your acid dragon!
The eight-headed hydra bites your acid dragon.
The eight-headed hydra bites your acid dragon but does no damage.
The eight-headed hydra bites your acid dragon!
Your acid dragon dies!
The centaur wields a +0 shortbow.
The centaur shoots an arrow.
The arrow hits your orange demon.
You feel better.
The centaur warrior shoots an arrow.
The arrow hits you!!
You die...

. #####. ##### ......
..... .....# ##.## #
####.# #§..# DO
#.###..§..## #.c#
#.##...#§..## ....c
####.#...# #v.v###.....#
......†.## ##§vo@.4.ß..O
.....#..)###..o###..†..#
#....##)†§#...## ..D..
#....###...[.## #H.#
#....# ##(..## .. #....#
##)## # ....... .....
...............
..........>...#


You could see an eight-headed hydra, a centaur warrior, 2 two-headed ogres, a
manticore (fleeing, corroded, ally target), a steam dragon (fleeing), a centaur,
the friendly Bogrim the orc apostle (fast), the friendly Ugrim the orc apostle
and a friendly orange demon (summoned).

Vanquished Creatures
  A two-headed ogre (D:5)
  A kobold demonologist (D:9)
  Sigmund (D:5)
  Eustachio (D:5)
  A wyvern (D:7)
  Menkaure (D:5)
  A water moccasin (D:7)
  An orc warrior (D:9)
  An ice beast (D:6)
  2 ogres
  A kobold brigand (D:7)
  2 bullfrogs
  3 scorpions
  7 wights
  8 killer bees
  3 howler monkeys
  A bombardier beetle (D:5)
  2 hounds (D:5)
  2 jellies
  2 orc priests
  Crazy Yiuf (D:6)
  A sleepcap (D:7)
  3 iguanas
  Ijyb (D:3)
  4 orc wizards
  Terence (D:3)
  2 gnolls (D:2)
  8 adders
  2 white imps
  4 ufetubi (D:6)
  2 ribbon worms (D:2)
  7 orcs
  6 bats
  5 endoplasms
  3 giant cockroaches
  4 goblins
  7 hobgoblins
  4 quokkas
  6 ball pythons
  4 frilled lizards
  6 kobolds
  3 rats
126 creatures vanquished.

Vanquished Creatures (collateral kills)
  An ugly thing (D:9)
  A cyclops (D:9)
  Psyche (D:9)
  A wraith (D:9)
  A steam dragon (D:8)
  An orc warrior (D:7)
  A kobold brigand (D:9)
  A bullfrog (D:8)
  A wight (D:8)
  3 killer bees (D:9)
  2 howler monkeys (D:9)
  A hound (D:7)
  An orc priest (D:8)
  An iguana (D:6)
  An orc wizard (D:8)
  An adder (D:2)
  A gnoll (D:2)
  2 shadow imps
  2 orcs (D:8)
  An endoplasm (D:1)
  A kobold (D:7)
26 creatures vanquished.

Vanquished Creatures (others)
  An acid dragon (D:9)
  A wight (D:8)
  3 orcs
  44 foxfires
49 creatures vanquished.

Grand Total: 201 creatures vanquished

Notes
Turn   | Place    | Note
-------+----------+-------------------------------------------
     0 | D:1      | Malificent the Demonspawn Wanderer began the quest for the
                  | Orb.
     0 | D:1      | Malificent set off with the following items: a +0 club, a
                  | scroll of silence, a +0 scale mail; and the following
                  | spells available to memorise: Sting, Foxfire, Shock,
                  | Mephitic Cloud, Brom's Barrelling Boulder.
     0 | D:1      | Reached XP level 1. HP: 16/16 MP: 3/3
   220 | D:1      | Gained mutation: A weak demonic guardian rushes to your
                  | aid. [demonic ancestry]
   220 | D:1      | Reached XP level 2. HP: 16/22 MP: 5/5
   370 | D:1      | Learned a level 1 spell: Sting
   635 | D:1      | Found a faded altar of an unknown god.
   647 | D:1      | Prayed at the altar of an unknown god.
   647 | D:1      | Became a worshipper of Beogh the Shepherd
   647 | D:1      | Reached * piety under Beogh
  1002 | D:2      | Gained mutation: Spells you cast may paralyse adjacent
                  | enemies. [demonic ancestry]
  1002 | D:2      | Reached XP level 3. HP: 22/27 MP: 3/6
  1050 | D:2      | Reached skill level 1 in Long Blades
  1054 | D:2      | Reached skill level 1 in Stealth
  1206 | D:2      | Gained mutation: You have a small tail. [demonic ancestry]
  1206 | D:2      | Reached XP level 4. HP: 33/33 MP: 5/7
  1503 | D:2      | Identified the +10 chain mail "Koqiqoh" {-Tele rPois Str+4}
  1785 | D:3      | Reached ** piety under Beogh
  1810 | D:3      | Noticed Ijyb
  1823 | D:3      | Killed Ijyb
  1824 | D:3      | Reached skill level 1 in Invocations
  1964 | D:3      | Reached XP level 5. HP: 37/39 MP: 8/8
  2062 | D:3      | Noticed Terence
  2075 | D:3      | Killed Terence
  2559 | D:4      | Reached XP level 6. HP: 39/46 MP: 10/10
  2563 | D:4      | Reached skill level 2 in Invocations
  2678 | D:4      | Found a stormy altar of Qazlal.
  2821 | D:4      | Found a blossoming altar of Fedhas.
  2822 | D:4      | Found a basalt altar of Yredelemnul.
  2877 | D:5      | Entered Level 5 of the Dungeon
  2887 | D:5      | Reached skill level 1 in Maces & Flails
  2932 | D:5      | Noticed Menkaure
  2938 | D:5      | Killed Menkaure
  2939 | D:5      | Reached skill level 1 in Dodging
  2939 | D:5      | Gained mutation: A demonic guardian rushes to your aid.
                  | [demonic ancestry]
  2939 | D:5      | Reached XP level 7. HP: 41/51 MP: 11/11
  2941 | D:5      | Noticed a two-headed ogre
  2948 | D:5      | Noticed Eustachio
  2951 | D:5      | Killed a two-headed ogre
  2952 | D:5      | Reached skill level 3 in Invocations
  2952 | D:5      | Gained mutation: Spells you cast may paralyse nearby
                  | enemies. [demonic ancestry]
  2952 | D:5      | Reached XP level 8. HP: 51/58 MP: 2/13
  2964 | D:5      | Killed Eustachio
  3274 | D:5      | Reached skill level 4 in Invocations
  3617 | D:5      | Noticed Sigmund
  3624 | D:5      | Killed Sigmund
  3803 | D:6      | Reached XP level 9. HP: 64/64 MP: 15/15
  3884 | D:6      | Reached *** piety under Beogh
  3910 | D:6      | Noticed Ugrim
  3929 | D:6      | Anointed Ugrim the priest as your apostle
  4496 | D:6      | Found a runed translucent door.
  4497 | D:6      | Noticed Crazy Yiuf
  4501 | D:6      | Killed Crazy Yiuf
  4612 | D:7      | Reached skill level 5 in Long Blades
  4921 | D:7      | Found an ancient bone altar of Kikubaaqudgha.
  4936 | D:7      | Reached skill level 5 in Invocations
  4978 | D:7      | Found a staircase to the Ecumenical Temple.
  5528 | D:8      | Reached skill level 5 in Armour
  5682 | D:8      | Reached skill level 5 in Spellcasting
  5684 | D:8      | Reached skill level 5 in Conjurations
  5730 | D:8      | Identified a scroll of acquirement
  5730 | D:8      | Acquired the +9 staff of Olgreb {rPois∞}
  5730 | D:8      | Found the +9 staff of Olgreb {rPois∞}
  5747 | D:8      | Learned a level 3 spell: Mephitic Cloud
  5783 | D:8      | Reached skill level 5 in Alchemy
  5852 | D:8      | Identified the +1 robe of Gifapar {rF+ rN+ Regen+ Slay+2}
  5852 | D:8      | Noticed Bogrim
  5880 | D:8      | Anointed Bogrim the wizard as your apostle
  6042 | D:8      | Noticed a rust devil
  6042 | D:8      | Noticed a rust devil
  6088 | D:8      | Found a runed translucent gate.
  6088 | D:8      | Found a runed translucent gate.
  6089 | D:8      | Found a runed translucent gate.
  6476 | D:8      | Reached **** piety under Beogh
  6610 | D:9      | Noticed Psyche
  6615 | D:9      | Killed Psyche
  6616 | D:9      | Gained mutation: You are partially covered in thin metallic
                  | scales. (AC +2) [demonic ancestry]
  6616 | D:9      | Reached XP level 10. HP: 71/71 MP: 14/17
  6660 | D:9      | Reached skill level 6 in Invocations
  6668 | D:9      | Reached skill level 1 in Staves
  6676 | D:9      | Noticed a cyclops
  6686 | D:9      | Killed a cyclops
  6869 | D:9      | Noticed a purple ugly thing
  6876 | D:9      | Killed a purple ugly thing
  6882 | D:9      | Noticed a centaur warrior
  6882 | D:9      | Noticed a manticore
  6883 | D:9      | Noticed a two-headed ogre
  6883 | D:9      | Noticed an eight-headed hydra
  6889 | D:9      | Noticed a two-headed ogre
  6893 | D:9      | Shot with an arrow by a centaur warrior

Illustrated notes

Levels and vault maps discovered:
D:1:      ebering_hopf_link, layout_basic, hellmonk_ecumenical_altar_crossroads,
          nicolae_concentric_dashed_squares_wild
D:2:      layout_basic
D:3:      layout_basic, chequers_jeans, kennysheep_path_1, uniq_terence,
          uniq_ijyb
D:4:      layout_rooms, lemuel_doored_altar,
          chequers_temple_overflow_statue_of_worship, minmay_hedge_maze,
          chequers_serial_rivers_small_b
D:5:      layout_basic, uniq_menkaure, uniq_sigmund, uniq_eustachio
D:6:      layout_gridville, uniq_crazy_yiuf_cottage
D:7:      layout_loops_corners, nicolae_overflow_hidden_temple,
          minmay_temple_entry_proselytizer
D:8:      cheibrodos_iron_armory, layout_basic
D:9:      minmay_the_grid_plus [minmay_the_grid_dragon_b,
          minmay_the_grid_outer_diamond, minmay_the_grid_outer_circle,
          minmay_the_grid_slots, minmay_the_grid_prize_big_room],
          layout_long_grid, special_room [special_room_orc],
          minmay_misc_feat_rugged, uniq_psyche

Skill      XL: |  1  2  3  4  5  6  7  8  9 10 |
---------------+-------------------------------+-----
Long Blades    | 1 2 3 4 5 |  5.6
Stealth        | 1 2 3 |  3.3
Invocations    | 1 2 3 4 5 6 |  6.4
Armour         | 2 3 4 5 |  5.4
Maces & Flails | 1 2 |  2.0
Conjurations   | 3 4 5 |  5.5
Spellcasting   | 3 4 5 |  5.4
Alchemy        | 3 4 5 |  5.7
Dodging        | 1 2 |  2.6
Fighting       | 3 4 |  4.4
Evocations     | 2 |  2.9
Staves         | 1 |  1.5

Action                     |  1- 3 |  4- 6 |  7- 9 | 10-12 || total
---------------------------+-------+-------+-------+-------++-------
  Melee: Falchion          |   113 |     7 |       |       ||   120
         Whip              |       |    45 |       |       ||    45
         Tailslap          |       |    13 |    16 |     2 ||    31
         Long sword        |       |    30 |   118 |       ||   148
         Staff             |       |       |    22 |    10 ||    32
   Cast: Sting             |     9 |    10 |     7 |     6 ||    32
 Invoke: Smiting           |       |       |     3 |     4 ||     7
         Recruit Apostle   |       |       |     2 |       ||     2
         Recall Apostles   |       |       |     1 |       ||     1
  Evoke: Wand              |       |       |     8 |     3 ||    11
    Use: Scroll            |       |     8 |     5 |     3 ||    16
         Potion            |       |       |     2 |     2 ||     4
   Stab: Paralysed         |       |     2 |     6 |     5 ||    13
         Distracted        |       |       |     2 |       ||     2
 Armour: Scale mail        |   144 |       |       |       ||   144
         Chain mail        |       |    53 |   144 |       ||   197
         Leather armour    |       |     2 |       |       ||     2
         Steam dragon scal |       |       |    11 |    30 ||    41
  Dodge: Dodged            |    81 |    31 |    58 |    19 ||   189

Table legend: (Time is in decaauts)
 A = Elapsed time spent in this place.
 B = Non-inter-level travel time spent in this place.
 C = Inter-level travel time spent in this place.
 D = Time resting spent in this place.
 E = Time spent auto-exploring this place.
 F = Levels seen in this place.
 G = Mean time per level.
                   A        B        C        D        E       F      G
               +--------+--------+--------+--------+--------+-----+--------+
         Total |   6956 |   6729 |    227 |    780 |   4342 |   9 |  772.9 |
       Dungeon |   6956 |   6729 |    227 |    780 |   4342 |   9 |  772.9 |
               +--------+--------+--------+--------+--------+-----+--------+

Top non-repeatable levels by time:
     D:8: 1113 daAuts
     D:7: 953 daAuts
     D:1: 932 daAuts
     D:5: 919 daAuts
     D:3: 792 daAuts
     D:6: 757 daAuts
     D:2: 734 daAuts
     D:4: 468 daAuts
     D:9: 284 daAuts
